AoeStats
← Burum

QS Arena

503385967Analyzed
1v1 RM · 10d ago on Aug 31, 2026· 54m 2s· 2 players
Game mode
Random Map
Map size
Tiny (2 player)
Population
200
Speed
Normal
Resources
Standard
Victory
Conquest
Starting age
Dark Age
Ending age
Imperial Age
RankedLock teamsTeams togetherTeam positionsShared explorationLock speedFull tech treeHidden civsTurbo modeCheats
Victory
Defeat
🇷🇺 Burgundians · Russia
806
+18
🇹🇼 Persians · Taiwan
859
-18
Burum
3:16 Loom
8:50 Feudal Age
7:30 Double-Bit Axe
7:27 Horse Collar
10:02 Bow Saw
9:53 Heavy Plow
16:51 Castle Age
15:59 Forging
15:54 Scale Barding Armor
18:24 Squires
17:44 Pikeman
21:34 Wheelbarrow
21:53 Iron Casting
21:23 Scale Barding Armor
21:19 Scale Mail Armor
20:46 Light Cavalry
21:27 Husbandry
21:43 Stone Mining
21:44 Gold Mining
22:36 Crop Rotation
26:08 Chain Barding Armor
26:04 Chain Mail Armor
26:56 Two-Man Saw
28:29 Cavalier
30:03 Hand Cart
29:33 Town Watch
34:36 Gold Shaft Mining
42:13 Imperial Age
39:36 Fletching
39:47 Padded Archer Armor
40:14 Ballistics
40:07 Masonry
40:06 Burgundian Vineyards
41:00 Elite Skirmisher
42:53 Leather Archer Armor
42:36 Bodkin Arrow
44:57 Capped Ram
45:06 Capped Ram
47:04 Chemistry
46:35 Architecture
48:07 Paladin
49:14 Guilds
52:56 Stone Shaft Mining
jennyih0227
2:55 Loom
8:35 Feudal Age
10:09 Double-Bit Axe
15:03 Castle Age
14:03 Horse Collar
17:51 Scale Barding Armor
17:50 Pikeman
19:54 Wheelbarrow
20:43 Bow Saw
21:58 Heavy Plow
29:15 Imperial Age
27:30 Husbandry
28:54 Fletching
28:45 Crossbowman
29:31 Thumb Ring
29:58 Forging
29:48 Bodkin Arrow
31:13 Padded Archer Armor
31:22 Murder Holes
35:08 Hand Cart
36:13 Two-Man Saw
44:44 Masonry
46:11 Squires
46:24 Forging
51:31 Iron Casting
50:57 Scale Mail Armor
52:29 Chain Barding Armor
Connection lost

Rejoining the realm…

Still unreachable

The connection could not be restored.

Session expired

The server has moved on; the page needs a fresh start.